 Dungeon Crawl Stone Soup version 0.19-GnollCrawlA-1-g03664ee (webtiles) character file.

94900 MordorOrchid the Shield-Bearer (level 1, -3/18 HPs)
             Began as a Formicid Fighter on Apr 9, 2019.
             Was the Champion of Pakellas.
             Engulfed by a cloud of flame (15 damage)
             ... on level 8 of a ziggurat on Apr 10, 2019.
             The game lasted 05:23:01 (35396 turns).

MordorOrchid the Shield-Bearer (Formicid Fighter)  Turns: 35396, Time: 05:23:02

Health: -3/18      AC: 29    Str: 25    XL:     1   Next: 0%
Magic:  1/1        EV: 15    Int:  7    God:    Pakellas [******]
Gold:   919        SH: 16    Dex: 24    Spells: 0 memorised, 0 levels left

rFire  + . .     SeeInvis +     p - +8 glaive of the Guard {elec, +Rage AC+5 SInv}
rCold  + . .     Gourm    .     o - +7 swamp dragon armour
rNeg   + . .     Faith    .     s - +5 shield {rPois}
rPois  +         Spirit   .     (helmet unavailable)
rElec  +         Dismiss  .     N - +1 cloak {rPois}
rCorr  .         Reflect  .     P - +3 pair of gauntlets of War {Slay+5}
SustAt .         Harm     .     T - +2 pair of boots
MR     .....                    E - amulet of Pyadgh Catiah {+Blink rN+ Regen+ Dex+4}
Stlth  ++........               B - ring of Koisets {rC+ Dex+3}
                                v - ring of Salvation {rElec rF+ Dex+2}

@: mighty, agile
A: permanent stasis, dig shafts and tunnels, four strong arms, antennae 3,
repulsion field 1
a: Dig, Shaft Self, Quick Charge, Device Surge, Supercharge, Renounce Religion
}: 5/15 runes: decaying, slimy, silver, golden, gossamer


You were on level 8 of a ziggurat.
You worshipped Pakellas.
Pakellas was exalted by your worship.
You were very full.

You visited 11 branches of the dungeon, and saw 49 of its levels.
You visited 1 bazaar.
You visited 1 ziggurat, and saw 8 of its levels.
You also visited: Labyrinth and Ossuary.

You collected 9007 gold pieces.
You spent 8088 gold pieces at shops.

Inventory:

Hand Weapons
 b - a +9 blowgun
 j - the +6 hunting sling "Udet" {flame, rC+++ Dex-2 Stlth+}
   (You found it on level 6 of the Lair of Beasts)

   It causes projectiles fired from it to burn those they strike, causing extra
   injury to most foes and up to half again as much damage against particularly
   susceptible opponents.
   It affects your dexterity (-2).
   It renders you almost immune to cold.
   It makes you more stealthy.
 p - the +8 glaive of the Guard (weapon) {elec, +Rage AC+5 SInv}
   (You found it on level 3 of the Elven Halls)

   Occasionally, upon striking a foe, it will discharge some electrical energy
   and cause terrible harm.
   It affects your AC (+5).
   It lets you see invisible.
   It lets you go berserk.
 J - the +7 great mace "Firestarter" {inner flame, rF++}
   (You found it on level 3 of the Tomb of the Ancients)

   It has been specially enchanted to burn those struck by it, causing extra
   injury to most foes and up to half again as much damage against particularly
   susceptible opponents.
   It greatly protects you from fire.
Missiles
 c - 92 sling bullets
 z - 4 curare-tipped needles
 Z - 5 throwing nets (quivered)
Armour
 o - a +7 swamp dragon armour (worn)
 s - a +5 shield of poison resistance (worn)
 N - a +1 cloak of poison resistance (worn)
 P - the +3 pair of gauntlets of War (worn) {Slay+5}
   (You found it on level 3 of the Tomb of the Ancients)

   It affects your accuracy and damage with ranged weapons and melee attacks
   (+5).
 T - a +2 pair of boots (worn)
Rods
 A - a +6 lightning rod (13/13)
   (Pakellas gifted it to you on level 3 of the Elven Halls)
Jewellery
 v - the ring of Salvation (left hand) {rElec rF+ Dex+2}
   (You bought it in a shop on level 5 of the Vaults)

   [ring of protection from fire]

   It affects your dexterity (+2).
   It protects you from fire.
   It insulates you from electricity.
 B - the ring of Koisets (right hand) {rC+ Dex+3}
   (You bought it in a shop in a bazaar)

   [ring of dexterity]

   It affects your dexterity (+3).
   It protects you from cold.
 E - the amulet of Pyadgh Catiah (around neck) {+Blink rN+ Regen+ Dex+4}
   (You found it on level 10 of the Dungeon)

   [amulet of regeneration]

   It affects your dexterity (+4).
   It protects you from negative energy.
   It lets you blink.
   It increases your rate of regeneration.
Wands
 a - a wand of confusion (17/48)
 l - a wand of teleportation (7/9)
 q - a wand of acid (9/15)
 t - a wand of confusion (27/48)
 u - a wand of lightning (7/15)
 D - a wand of iceblast (5/15)
 L - a wand of paralysis (10/24)
 O - a wand of polymorph (5/24)
Scrolls
 d - 12 scrolls of identify
 x - 2 scrolls of silence
 y - a scroll of summoning
 H - 5 scrolls of remove curse
 I - 2 scrolls of immolation
 K - 9 scrolls of fog
 S - 3 scrolls of enchant weapon
 W - 2 scrolls of recharging
 X - 6 scrolls of fear
Potions
 e - 6 potions of might
 g - 24 potions of curing
 h - 3 potions of agility
 i - 8 potions of magic
 k - 3 potions of resistance
 m - 6 potions of ambrosia
 n - 9 potions of heal wounds
 w - 2 potions of lignification
 Q - 2 potions of invisibility
 V - a potion of cure mutation
Miscellaneous
 r - a phial of floods
 C - a fan of gales
 F - a lamp of fire
 G - 5 sacks of spiders
 M - 6 boxes of beasts
 R - a lamp of fire
 U - 4 phantom mirrors
Comestibles
 f - 19 bread rations


   Skills:
 + Level 3.2 Fighting
 + Level 2.0 Polearms
 + Level 3.2 Armour
 + Level 3.6 Shields


You couldn't memorise any spells.
You didn't know any spells.

Dungeon Overview and Level Annotations

Branches:
Dungeon (13/15)            Temple (1/1) D:1            Lair (6/6) D:9
  Swamp (4/4) Lair:4       Spider (4/4) Lair:2        Slime (5/5) Lair:5
    Orc (2/2) D:12            Elf (3/3) Orc:2        Vaults (5/5) D:13
  Crypt (3/3) Vaults:2       Tomb (3/3) Crypt:3

Altars:
Ashenzari
Cheibriados
Dithmenos
Elyvilon
Fedhas
Gozag
Hepliaklqana
Kikubaaqudgha
Makhleb
Nemelex Xobeh
Okawaru
Pakellas
Qazlal
Sif Muna
Trog
Uskayaw
Vehumet
Xom
Yredelemnul
Zin
The Shining One
Jiyva

Shops:
D:8 *   D:10 =   Orc:2 :*[([   Vaults:1 (   Vaults:2 (   Vaults:4 (
Vaults:5 [}!??!!=!??

Portals:
Trove: Vaults:3 (give 2 scrolls of acquirement)

Annotations:
D:5 MordorOrchid's ghost, weakling FoFi
D:8 1 runed door
D:11 1 exclusion


Innate Abilities, Weirdness & Mutations

You are under a permanent stasis effect.
You can dig through walls and to a lower floor.
Your four strong arms can wield two-handed weapons with a shield.
You have a pair of large antennae on your head. (SInv)
You are surrounded by a mild repulsion field. (EV +2)


Message History

p - the +8 glaive of the Guard (weapon)
{elec, +Rage AC+5 SInv} You are engulfed in roaring flames.
You resist.
The gnoll is engulfed in a cloud of scalding steam.
The gnoll is engulfed in roaring flames.
You kill the gnoll!
Pakellas accepts your kill.
Pakellas collects the excess magic power.
Unknown command.
Unknown command.
Unknown command.
Attack whom?
Press: ? - help, Dir - move target cursor, f - gnoll
Aim: a gnoll, wielding a spear (moderately wounded)
You reach to attack!
You slice the gnoll!!
You kill the gnoll!
Pakellas accepts your kill.
You are engulfed in roaring flames.
You resist.
Ouch! That really hurt!
You die...
Pakellas says: Time to find a new assistant...

.▓▓▓
...%g▓▓
...gggg▓▓
..gg§§§g▓
§§§§§§§§▓▓
§§g§§§§§§▓
≈g§)§§§§@▓
#%%§§§§§▓▓
##§)§§§).▓
#§§.%g.%▓▓
%§§§....%▓
)§§.....%▓
)g§g....▓▓
.g......▓
.......▓▓


You could see 14 gnolls.

Vanquished Creatures
  12 gnoll sergeants
  904 gnolls
  A river rat (Vaults:1)
  A ball python (D:13)
  25 gnoll simulacra
  161 gnoll skeletons
  59 gnoll zombies
1163 creatures vanquished.

Vanquished Creatures (collateral kills)
  4 gnolls
  A gnoll skeleton (Tomb:2)
5 creatures vanquished.

Vanquished Creatures (others)
  21 gnolls
21 creatures vanquished.

Grand Total: 1189 creatures vanquished

Notes
Turn   | Place    | Note
-------+----------+-------------------------------------------
     0 | D:1      | MordorOrchid the Formicid Fighter began the quest for the Orb.
     0 | D:1      | Reached XP level 1. HP: 18/18 MP: 1/1
   687 | D:1      | Found a staircase to the Ecumenical Temple.
   693 | Temple   | Entered the Ecumenical Temple
   844 | Temple   | Became a worshipper of Pakellas the Inventive
  1124 | D:1      | You fall through a shaft!
  1364 | D:2      | You fall through a shaft for 2 floors!
  1729 | D:5      | Entered Level 5 of the Dungeon
  1745 | D:5      | Noticed MordorOrchid's ghost (weakling FoFi)
  1753 | D:5      | You fall through a shaft for 2 floors!
  2027 | D:7      | Found a sand-covered staircase.
  2033 | Ossuary  | Entered an ossuary
  2334 | Ossuary  | Gained mutation: You are surrounded by a mild repulsion field. (EV +2) [potion of beneficial mutation]
  2798 | D:5      | Found a stormy altar of Qazlal.
  2833 | D:6      | Reached * piety under Pakellas
  2833 | D:6      | Received a gift from Pakellas
  3493 | D:6      | Found a deep blue altar of Sif Muna.
  4117 | D:2      | Reached ** piety under Pakellas
  4117 | D:2      | Received a gift from Pakellas
  4825 | D:2      | Found a burning altar of Makhleb.
  5122 | D:2      | Found an oddly glowing altar of Pakellas.
  5166 | D:3      | Found a shattered altar of Ashenzari.
  5538 | D:3      | Found a shadowy altar of Dithmenos.
  5714 | D:3      | You fall through a shaft for 3 floors!
  6205 | D:4      | You fall through a shaft!
  6232 | D:5      | You fall through a shaft for 3 floors!
  6277 | D:8      | Found Pisibo Ykai's General Store.
  6310 | D:8      | Found a glowing golden altar of the Shining One.
  6311 | D:8      | Found a runed door.
  8755 | D:9      | Found a bloodstained altar of Trog.
  9121 | D:9      | You fall through a shaft for 2 floors!
  9334 | D:11     | Found a labyrinth entrance.
  9381 | Lab      | Entered a labyrinth
  9519 | Lab      | Noticed a gnoll sergeant
  9523 | Lab      | Killed a gnoll sergeant
  9523 | Lab      | Reached *** piety under Pakellas
  9523 | Lab      | Received a gift from Pakellas
  9532 | Lab      | Identified the Volume of Assistive Conjuration
  9806 | D:10     | Entered Level 10 of the Dungeon
 10289 | D:9      | Found a staircase to the Lair.
 10705 | D:10     | Identified the Disquisition on the Traveller and Air
 10833 | D:10     | Got a shimmering ivory amulet
 10841 | D:10     | Identified the amulet of Pyadgh Catiah {+Blink rN+ Regen+ Dex+4} (You found it on level 10 of the Dungeon)
 11244 | D:10     | Found Lylenweu's Jewellery Shop.
 11494 | D:11     | Reached **** piety under Pakellas
 11494 | D:11     | Received a gift from Pakellas
 12086 | D:12     | Found a staircase to the Orcish Mines.
 12657 | Orc:1    | Entered Level 1 of the Orcish Mines
 12859 | Orc:2    | Entered Level 2 of the Orcish Mines
 13316 | Orc:2    | Found a staircase to the Elven Halls.
 13357 | Orc:2    | Found Cawustur's Armour Shoppe.
 13562 | Orc:2    | Found Qaptecri's General Store.
 13563 | Orc:2    | Found Cupu's Book Shoppe.
 13564 | Orc:2    | Found Qyrr's Antique Armour Shoppe.
 13564 | Orc:2    | Found Xeotzafe's Antique Weapon Emporium.
 13568 | Orc:2    | Bought an opal-encrusted ring mail for 288 gold pieces
 13580 | Orc:2    | Identified the +1 ring mail of Immorality {Str+5} (You bought it in a shop on level 2 of the Orcish Mines)
 13601 | Orc:2    | Bought a +4 blowgun for 269 gold pieces
 13922 | Orc:2    | Bought a pitted whip for 210 gold pieces
 13924 | Orc:2    | Identified the +8 whip "Suttocw" {speed, rF+ MR- Dex+6} (You bought it in a shop on level 2 of the Orcish Mines)
 13997 | Elf:1    | Entered Level 1 of the Elven Halls
 14596 | Elf:1    | Identified Muyrghuam's Volume of Summoning
 15215 | Elf:2    | Identified a scroll of acquirement
 15261 | Elf:2    | Found a runed gate.
 15262 | Elf:2    | Found a runed gate.
 15262 | Elf:2    | Found a runed gate.
 15622 | Elf:3    | Entered Level 3 of the Elven Halls
 15663 | Elf:3    | Reached ***** piety under Pakellas
 15663 | Elf:3    | Received a gift from Pakellas
 16149 | Elf:3    | Identified Cigaaseg's Incunabulum of Displaced Lightness
 16160 | Elf:3    | Got a smoking chain mail
 16194 | Elf:3    | Got a smoking bronze amulet
 16219 | Elf:3    | Identified the Grimoire of Enhancements and Sinister Secrets
 16233 | Elf:3    | Identified the Reference Book on Ghastly Combat Magic
 16298 | Elf:3    | Got an ichor-stained shortbow
 16299 | Elf:3    | Identified the +4 shortbow of Nemelex Xobeh's Envy {speed, Int+3} (You found it on level 3 of the Elven Halls)
 16357 | Elf:3    | Got a brightly glowing glaive
 16358 | Elf:3    | Identified the +8 glaive "Worm" {holy, +Blink rN+ Dex+3} (You found it on level 3 of the Elven Halls)
 16708 | Lair:1   | Entered Level 1 of the Lair of Beasts
 17521 | Lair:2   | Found a hole to the Spider Nest.
 17545 | Spider:1 | Entered Level 1 of the Spider Nest
 17602 | Spider:1 | Identified the amulet "Deycuula" {Inacc +Fly rElec MR+ Int-5} (You found it on level 3 of the Elven Halls)
 17783 | Spider:1 | Identified the +7 chain mail of Amusoh {rPois rC- rN+} (You found it on level 3 of the Elven Halls)
 18326 | Spider:2 | Got an ichor-stained scale mail
 18343 | Spider:2 | Reached ****** piety under Pakellas
 18571 | Spider:3 | Identified the cursed +0 scale mail "Gusmayr" {MP+9} (You found it on level 2 of the Spider Nest)
 19625 | Spider:4 | Entered Level 4 of the Spider Nest
 20051 | Spider:4 | Got a faintly glowing long sword
 20189 | Spider:4 | Got a gossamer rune of Zot
 20825 | Lair:3   | Found a shattered altar of Ashenzari.
 21351 | Lair:4   | Found a staircase to the Swamp.
 21389 | Swamp:1  | Entered Level 1 of the Swamp
 21904 | Swamp:4  | Entered Level 4 of the Swamp
 22207 | Swamp:4  | Got a decaying rune of Zot
 22888 | Lair:5   | Found a staircase to the Slime Pits.
 23369 | Slime:1  | Entered Level 1 of the Pits of Slime
 23642 | Slime:5  | Entered Level 5 of the Pits of Slime
 23652 | Slime:5  | Noticed a gnoll sergeant
 23657 | Slime:5  | Killed a gnoll sergeant
 23660 | Slime:5  | Found a viscous altar of Jiyva.
 23724 | Slime:5  | Identified Walu's Intricacies of the Arcane Arts
 23726 | Slime:5  | Got a faintly glowing ring mail
 23747 | Slime:5  | Got a smoking mace
 23767 | Slime:5  | Identified Advanced Steps in the Arcane Arts
 23776 | Slime:5  | Identified the +5 chain mail of Happy Babbling {rElec rF- Int+6} (You found it on level 5 of the Pits of Slime)
 23777 | Slime:5  | Identified the cursed +1 ring mail of the Vestibule of Hell {rF+ MP-9 Str+2} (You found it on level 5 of the Pits of Slime)
 23787 | Slime:5  | Got a steaming lapis lazuli ring
 23789 | Slime:5  | Identified Idizamyx's Incunabulum of Boosting Creation
 23799 | Slime:5  | Got a slimy rune of Zot
 23803 | Slime:5  | Got a twitching wooden ring
 23854 | Slime:5  | Identified the ring "Rillujou" {*Confuse rPois rC+ Int+5} (You found it on level 5 of the Pits of Slime)
 23855 | Slime:5  | Identified the ring "Gippic" {rPois Int+4 Dex+2} (You found it on level 5 of the Pits of Slime)
 23871 | Slime:5  | Identified the +9 mace of Jalockied {distort, rF+ Dex+5} (You found it on level 5 of the Pits of Slime)
 23972 | Lair:6   | Entered Level 6 of the Lair of Beasts
 24312 | Lair:6   | Identified the +6 hunting sling "Udet" {flame, rC+++ Dex-2 Stlth+} (You found it on level 6 of the Lair of Beasts)
 24528 | Lair:4   | Identified the +8 long sword "Ricev" {slice, rElec Str-2 Int+7} (You found it on level 4 of the Spider Nest)
 24605 | D:9      | You fall through a shaft!
 24608 | D:10     | You fall through a shaft!
 24885 | D:13     | Identified the +10 hand axe of Makhleb's Scorn {chop, rElec rPois rF+} (You found it on level 13 of the Dungeon)
 24938 | D:13     | Found a gate to the Vaults.
 25497 | Vaults:1 | Entered Level 1 of the Vaults
 25831 | Vaults:1 | Found Ovuubop's Weapon Boutique.
 26134 | Vaults:3 | Found a portal to a secret trove of treasure.
 26644 | Vaults:4 | Found Afes's Weapon Boutique.
 26714 | Vaults:4 | Found a flickering gateway to a bazaar.
 26732 | Bazaar   | Entered a bazaar
 26736 | Bazaar   | Found Cusoc's Jewellery Boutique.
 26754 | Bazaar   | Found Pag Asot's Antique Armour Emporium.
 26771 | Bazaar   | Found Volanyfa's Book Boutique.
 26788 | Bazaar   | Found Bajecw's Antique Armour Shoppe.
 26810 | Bazaar   | Bought the ring of Koisets {rC+ Dex+3} for 267 gold pieces
 26826 | Bazaar   | Bought a shiny ring mail for 96 gold pieces
 26826 | Bazaar   | Bought a runed ring mail for 96 gold pieces
 26858 | Bazaar   | Bought a glowing scale mail for 96 gold pieces
 26936 | Vaults:4 | Identified the +2 pair of gloves of the Big Bang {*Confuse Int+5 Slay+3} (You found it on level 4 of the Vaults)
 28885 | Vaults:2 | Found Zomot's Weapon Shop.
 29014 | Vaults:2 | Found a staircase to the Crypt.
 29018 | Crypt:1  | Entered Level 1 of the Crypt
 29357 | Crypt:1  | Identified the +8 long sword of Youthful Indiscretion {slice, +Blink} (You found it on level 1 of the Crypt)
 29590 | Crypt:3  | Entered Level 3 of the Crypt
 30418 | Crypt:3  | Found a staircase to the Tomb.
 30832 | Tomb:1   | Entered Level 1 of the Tomb of the Ancients
 30960 | Tomb:1   | Identified the +2 pair of gloves of the Peculiar Ghosts {Int+4} (You found it on level 1 of the Tomb of the Ancients)
 31489 | Tomb:3   | Entered Level 3 of the Tomb of the Ancients
 31738 | Tomb:3   | Got a golden rune of Zot
 33173 | Vaults:5 | Entered Level 5 of the Vaults
 33173 | Vaults:5 | Noticed a gnoll sergeant
 33173 | Vaults:5 | Noticed a gnoll sergeant
 33173 | Vaults:5 | Noticed a gnoll sergeant
 33173 | Vaults:5 | Noticed a gnoll sergeant
 33173 | Vaults:5 | Noticed a gnoll sergeant
 33173 | Vaults:5 | Noticed a gnoll sergeant
 33173 | Vaults:5 | Noticed a gnoll sergeant
 33173 | Vaults:5 | Noticed a gnoll sergeant
 33173 | Vaults:5 | Noticed a gnoll sergeant
 33173 | Vaults:5 | Noticed a gnoll sergeant
 33177 | Vaults:5 | Killed a gnoll sergeant
 33177 | Vaults:5 | Killed a gnoll sergeant
 33177 | Vaults:5 | Killed a gnoll sergeant
 33240 | Vaults:4 | Killed a gnoll sergeant
 33241 | Vaults:4 | Killed a gnoll sergeant
 33248 | Vaults:4 | Killed a gnoll sergeant
 33283 | Vaults:4 | Killed a gnoll sergeant
 33288 | Vaults:4 | Killed a gnoll sergeant
 33327 | Vaults:4 | Killed a gnoll sergeant
 33333 | Vaults:4 | Killed a gnoll sergeant
 33427 | Vaults:5 | Got a silver rune of Zot
 33432 | Vaults:5 | Got a warped scimitar
 33855 | Vaults:5 | Identified the +3 hunting sling of Obsession {flame, +Blink +Inv rPois} (You found it on level 5 of the Vaults)
 33856 | Vaults:5 | Identified the +8 scimitar "Jiblat" {venom, MR+} (You found it on level 5 of the Vaults)
 33952 | Vaults:5 | Found Teahuh's Antique Armour Shop.
 34099 | Vaults:5 | Found Zaemino's Gadget Boutique.
 34113 | Vaults:5 | Bought a phantom mirror for 540 gold pieces
 34113 | Vaults:5 | Bought a sack of spiders for 360 gold pieces
 34212 | Vaults:5 | Found Siahymov's Jewellery Shop.
 34377 | Vaults:5 | Bought the ring of Salvation {rElec rF+ Dex+2} for 777 gold pieces
 34481 | Vaults:5 | Found Yfoiffof's Magic Scroll Emporium.
 34488 | Vaults:5 | Bought a scroll of identify for 40 gold pieces
 34488 | Vaults:5 | Bought a scroll of recharging for 190 gold pieces
 34488 | Vaults:5 | Bought a scroll of identify for 40 gold pieces
 34488 | Vaults:5 | Bought a scroll of vulnerability for 150 gold pieces
 34488 | Vaults:5 | Bought a scroll of enchant armour for 150 gold pieces
 34500 | Vaults:5 | Found Fiukhloam's Distillery.
 34510 | Vaults:5 | Bought 2 potions of mutation for 55 gold pieces
 34510 | Vaults:5 | Bought 2 potions of heal wounds for 110 gold pieces
 34510 | Vaults:5 | Bought a potion of mutation for 27 gold pieces
 34510 | Vaults:5 | Bought a potion of lignification for 33 gold pieces
 34510 | Vaults:5 | Bought a potion of agility for 44 gold pieces
 34510 | Vaults:5 | Bought a potion of might for 44 gold pieces
 34510 | Vaults:5 | Bought a potion of curing for 33 gold pieces
 34510 | Vaults:5 | Bought a potion of curing for 33 gold pieces
 34625 | Vaults:5 | Found Fijireva's Magic Scroll Shoppe.
 34630 | Vaults:5 | Bought a scroll of magic mapping for 59 gold pieces
 34630 | Vaults:5 | Bought a scroll of fear for 59 gold pieces
 34630 | Vaults:5 | Bought a scroll of holy word for 127 gold pieces
 34630 | Vaults:5 | Bought a scroll of magic mapping for 59 gold pieces
 34630 | Vaults:5 | Bought a scroll of fog for 34 gold pieces
 34630 | Vaults:5 | Bought a scroll of identify for 34 gold pieces
 34630 | Vaults:5 | Bought a scroll of holy word for 127 gold pieces
 34630 | Vaults:5 | Bought a scroll of acquirement for 884 gold pieces
 34642 | Vaults:5 | Found Poxkomut's Distillery.
 34647 | Vaults:5 | Bought a potion of curing for 63 gold pieces
 34647 | Vaults:5 | Bought a potion of curing for 63 gold pieces
 34647 | Vaults:5 | Bought a potion of curing for 63 gold pieces
 34647 | Vaults:5 | Bought 2 potions of invisibility for 336 gold pieces
 34647 | Vaults:5 | Bought a potion of agility for 84 gold pieces
 34647 | Vaults:5 | Bought a potion of cure mutation for 525 gold pieces
 34668 | Vaults:5 | Found Tynn's Distillery.
 34668 | Vaults:5 | Found Meojesua's Magic Scroll Shop.
 34675 | Vaults:5 | Bought 2 potions of resistance for 480 gold pieces
 34675 | Vaults:5 | Bought a potion of heal wounds for 120 gold pieces
 34675 | Vaults:5 | Bought 2 potions of curing for 144 gold pieces
 34675 | Vaults:5 | Bought a potion of heal wounds for 120 gold pieces
 34675 | Vaults:5 | Bought 2 potions of curing for 144 gold pieces
 34691 | Vaults:5 | Found Coun's Distillery.
 34691 | Vaults:5 | Found Micso's Magic Scroll Boutique.
 34695 | Vaults:5 | Bought 2 potions of might for 144 gold pieces
 34695 | Vaults:5 | Bought a potion of agility for 72 gold pieces
 34695 | Vaults:5 | Bought a potion of resistance for 180 gold pieces
 34695 | Vaults:5 | Bought a potion of mutation for 45 gold pieces
 34702 | Vaults:5 | Bought a scroll of identify for 40 gold pieces
 34702 | Vaults:5 | Bought a scroll of identify for 40 gold pieces
 34702 | Vaults:5 | Bought a scroll of identify for 40 gold pieces
 34710 | Vaults:5 | Bought a potion of lignification for 54 gold pieces
 34849 | D:13     | Gained mutation: Your body sometimes deteriorates upon taking damage. [potion of mutation]
 34849 | D:13     | Gained mutation: You are agile. (Dex +2) [potion of mutation]
 34849 | D:13     | Gained mutation: You are covered in fur. (AC +1) [potion of mutation]
 34850 | D:13     | Gained mutation: Your body often deteriorates upon taking damage. [potion of mutation]
 34850 | D:13     | Gained mutation: Potions and wands are less effective at restoring your health. [potion of mutation]
 34850 | D:13     | Lost mutation: Your body often deteriorates upon taking damage. [potion of mutation]
 34851 | D:13     | Lost mutation: Your body sometimes deteriorates upon taking damage. [potion of mutation]
 34852 | D:13     | Lost mutation: You are agile. (Dex +2) [potion of mutation]
 34852 | D:13     | Gained mutation: Your spells are a little harder to cast, but a little more powerful. [potion of mutation]
 34853 | D:13     | Lost mutation: Potions and wands are less effective at restoring your health. [potion of cure mutation]
 34853 | D:13     | Lost mutation: You are covered in fur. (AC +1) [potion of cure mutation]
 34853 | D:13     | Lost mutation: Your spells are a little harder to cast, but a little more powerful. [potion of cure mutation]
 34869 | Zig:1    | Entered Level 1 of a ziggurat
 34899 | Zig:2    | Entered Level 2 of a ziggurat
 34918 | Zig:3    | Entered Level 3 of a ziggurat
 34954 | Zig:4    | Entered Level 4 of a ziggurat
 35008 | Zig:5    | Entered Level 5 of a ziggurat
 35136 | Zig:6    | Entered Level 6 of a ziggurat
 35293 | Zig:7    | Entered Level 7 of a ziggurat
 35356 | Zig:7    | Got a shimmering jade ring
 35360 | Zig:7    | Identified the Papyrus of Snow and Shape Shifting
 35373 | Zig:7    | Identified the ring "Wulleb" {*Confuse rPois rF+ MR+++ Stlth+} (You found it on level 7 of a ziggurat)
 35378 | Zig:8    | Entered Level 8 of a ziggurat
 35396 | Zig:8    | Engulfed by a cloud of flame

Action                   || total
-------------------------++-------
Melee: Glaive            ||   557
       Halberd           ||   405
       Spear             ||   247
       Trident           ||    92
       Flail             ||     1
       Great mace        ||     1
       Shortbow          ||     1
 Fire: Shortbow          ||   553
       Hunting sling     ||   362
       Blowgun           ||     3
Throw: Tomahawk          ||   149
       Stone             ||    91
       Javelin           ||    24
       Throwing net      ||     1
Invok: Quick Charge      ||    17
 Abil: Dig               ||    29
       Shaft Self        ||     9
Evoke: Wand              ||   178
       Rod               ||    20
       Phial of floods   ||     9
       Lamp of fire      ||     6
       Sack of spiders   ||     5
       Fan of gales      ||     2
       Box of beasts     ||     1
       Figurine of a zig ||     1
  Use: Scroll            ||    90
       Potion            ||    50
 Stab: Confused          ||    11
       Paralysed         ||     5
       Invisible         ||     3
  Eat: Bread ration      ||     1
Armor: Swamp dragon armo ||   262
       Scale mail        ||    55
Dodge: Dodged            ||   313
Block: Shield            ||   602
